 Dungeon Crawl Stone Soup version 0.20.1-1-g8b1a95d (webtiles) character file.

114 digijack the Conjurer (level 5, -1/28 HPs)
             Began as a Kobold Conjurer on Dec 2, 2017.
             Slain by Ymberto's ghost (5 damage)
             ... on level 3 of the Dungeon.
             The game lasted 00:15:08 (2750 turns).

digijack the Conjurer (Kobold Conjurer)             Turns: 2750, Time: 00:15:09

Health: -1/28      AC:  4    Str:  5    XL:     5   Next: 18%
Magic:  0/10       EV: 16    Int: 17    God:
Gold:   95         SH:  3    Dex: 16    Spells: 0/10 levels left

rFire    . . .     SeeInvis .   f - -3 short sword (curse)
rCold    . . .     Gourm    .   (shield restricted)
rNeg     . . .     Faith    .   a - +0 robe
rPois    .         Spirit   .   (no helmet)
rElec    .         Reflect  +   (no cloak)
rCorr    .         Harm     .   d - +1 pair of gloves (curse)
MR       .....                  (no boots)
Stlth    +++.......             e - +3 amulet of reflection
Regen    0.1/turn               (no ring)
MPRegen  0.2/turn               (no ring)

@: no status effects
A: carnivore 3
a: no special abilities


You were on level 3 of the Dungeon.
You were completely stuffed.

You visited 1 branch of the dungeon, and saw 3 of its levels.

You collected 95 gold pieces.

Inventory:

Hand Weapons
 f - a cursed -3 short sword (weapon)
 j - a +2 dagger of speed
Armour
 a - a +0 robe (worn)
 d - a cursed +1 pair of gloves (worn)
Jewellery
 e - a +3 amulet of reflection (around neck)
Scrolls
 i - 2 scrolls of teleportation
 k - a scroll of identify
Books
 b - a book of Conjurations

   Spells                             Type                      Level
   a - Magic Dart                     Conjuration                  1
   b - Searing Ray                    Conjuration                  2
   c - Dazzling Spray                 Conjuration/Hexes            3
   d - Fulminant Prism                Conjuration/Hexes            4
   e - Force Lance                    Conjuration/Translocation    4
   f - Iskenderun's Mystic Blast      Conjuration                  4
Comestibles
 c - 5 meat rations
 g - 2 royal jellies
 h - 2 chunks of flesh


   Skills:
 + Level 1.6 Short Blades
 + Level 3.1 Dodging
 + Level 4.0 Stealth
 + Level 3.3 Spellcasting
 + Level 4.5 Conjurations


You couldn't memorise any spells.
You knew the following spells:

 Your Spells              Type           Power        Failure   Level  Hunger
a - Magic Dart            Conj           ###.         2%          1    None
b - Searing Ray           Conj           ###...       4%          2    ##.....
c - Dazzling Spray        Conj/Hex       ##....       21%         3    ###....
d - Iskenderun's Mystic   Conj           ###.....     26%         4    ####...


Dungeon Overview and Level Annotations

Branches:
Dungeon (3/15)

Altars:

Annotations:
D:3 Ymberto's ghost, amateur HuHu


Innate Abilities, Weirdness & Mutations

You are small and have problems with some larger weapons.
You are carnivorous and can eat meat at any time.


Message History

The searing ray hits Ymberto's ghost.
Ymberto's ghost is moderately damaged.
Ymberto's ghost hits you but does no damage.
The searing ray hits Ymberto's ghost.
Ymberto's ghost is heavily damaged.
You finish channeling your searing ray.
Ymberto's ghost hits you.
Casting: Searing Ray
Confirm with . or Enter, or press ? or * to list all spells.
Aiming: Searing Ray
Press: ? - help, Shift-Dir - straight line, f/p - Ymberto's ghost
Aim: Ymberto's ghost, wielding a vorpal weapon (heavily damaged)
The searing ray hits Ymberto's ghost.
Ymberto's ghost is heavily damaged. (Press . to maintain the ray.) Ymberto's ghost hits you!
* * * LOW HITPOINT WARNING * * *
x2 The searing ray hits Ymberto's ghost.
Ymberto's ghost is heavily damaged.
Ymberto's ghost hits you.
You die...

## ..# ## ... #.#..
.. ##.#.#####.# #
#...... ...#
#.##..#.####..#
#..W..........#
#@.........####
#.##..........#
#.##..###<.##.#
#.##..# #..#
######.##..###..##.
....................
.#########..........
#.###.#.### #.#
#.#.#


You could see Ymberto's ghost.

Vanquished Creatures
  7 adders (D:2)
  A worm (D:2)
  3 dart slugs (D:2)
  2 leopard geckos (D:2)
  A giant cockroach (D:2)
  6 goblins
  4 hobgoblins
  6 jackals (D:1)
  2 bats (D:1)
  2 frilled lizards (D:2)
  6 kobolds
  4 rats
44 creatures vanquished.

Notes
Turn   | Place    | Note
-------+----------+-------------------------------------------
     0 | D:1      | digijack the Kobold Conjurer began the quest for the Orb.
     0 | D:1      | Reached XP level 1. HP: 10/10 MP: 3/3
   498 | D:1      | Reached XP level 2. HP: 5/15 MP: 5/5
   715 | D:1      | Learned a level 2 spell: Searing Ray
  1378 | D:2      | Reached skill level 1 in Short Blades
  1378 | D:2      | Reached XP level 3. HP: 17/19 MP: 1/6
  1439 | D:2      | Learned a level 3 spell: Dazzling Spray
  1690 | D:2      | Reached XP level 4. HP: 24/24 MP: 2/8
  2428 | D:2      | Reached XP level 5. HP: 28/28 MP: 3/9
  2483 | D:2      | Learned a level 4 spell: Iskenderun's Mystic Blast
  2744 | D:3      | Noticed Ymberto's ghost (amateur HuHu)
  2750 | D:3      | Slain by Ymberto's ghost

Skill      XL: |  1  2  3  4  5 |
---------------+----------------+-----
Stealth        | 3 4 |  4.0
Short Blades   | 1 |  1.6
Dodging        | 3 |  3.1
Spellcasting   | 3 |  3.3
Conjurations   | |  4.5

Action                   |  1- 3 |  4- 6 || total
-------------------------+-------+-------++-------
Melee: Unarmed           |    25 |       ||    25
       Short sword       |     7 |       ||     7
 Cast: Magic Dart        |    44 |    36 ||    80
       Searing Ray       |     4 |     7 ||    11
  Use: Scroll            |     3 |     2 ||     5
       Potion            |     1 |     2 ||     3
  Eat: Chunk             |    11 |     4 ||    15
Armor: Robe              |    21 |     2 ||    23
Dodge: Dodged            |    54 |       ||    54
Block: Other             |    15 |       ||    15
